 Dungeon Crawl Stone Soup version 0.31-a0-460-g9e667d4245 (webtiles) character file.

Game seed: 17305425477571114527

38079 horus123 the Geomancer (level 13, -4/63 HPs)
             Began as a Deep Elf Earth Elementalist on Aug 5, 2023.
             Was a High Priest of Vehumet.
             Slain by a yak (12 damage)
             ... on level 5 of the Lair of Beasts.
             The game lasted 00:49:55 (15703 turns).

horus123 the Geomancer (DEEE)                      Turns: 15703, Time: 00:49:55

Health: -4/63      AC: 12    Str:  5    XL:     13   Next: 61%
Magic:  3/32       EV: 13    Int: 26    God:    Vehumet [*****.]
Gold:   571        SH:  0    Dex: 19    Spells: 5/39 levels left

rFire   + + .        s - staff of fire
rCold   + . .        (no shield)
rNeg    . . .        L - +2 robe {rC+ rF+}
rPois   +            M - +0 hat of Tortured Contentment {Dex+4}
rElec   .            J - +0 cloak {rPois}
rCorr   .            m - +2 pair of gloves
SInv    .            (no boots)
Will    +....        t - amulet of regeneration
Stlth   ++           n - +4 ring of protection
HPRegen 1.10/turn    F - ring of wizardry
MPRegen 0.23/turn

%: wizardry (x1)
@: no status effects
A: no striking features
a: Renounce Religion


You were on level 5 of the Lair of Beasts.
You worshipped Vehumet.
Vehumet was extremely pleased with you.
You visited 3 branches of the dungeon, and saw 16 of its levels.
You also visited: Ossuary and Volcano.

You collected 1011 gold pieces.
You spent 440 gold pieces at shops.

Inventory:

Hand Weapons
 h - a +0 long sword
 z - a +0 short sword of holy wrath
 K - the +8 short sword of Otuokipn {elec, rN+ Will+ Dex-3}
   (You found it on level 8 of the Dungeon)

   Dex:       It affects your dexterity (-3).
   rN:        It protects you from negative energy.
   Will:      It increases your willpower.
Armour
 a - a +0 robe
 m - a +2 pair of gloves (worn)
 J - a +0 cloak of poison resistance (worn)
 L - a +2 robe of resistance (worn)
 M - the +0 hat of Tortured Contentment (worn) {Dex+4}
   (You found it on level 8 of the Dungeon)

   Dex:       It affects your dexterity (+4).
 W - the +2 robe "Onlucveh" {Str+4}
   (You found it on level 5 of the Lair of Beasts)

   Str:       It affects your strength (+4).
Magical Staves
 s - a staff of fire (weapon)
Jewellery
 b - a ring of ice
 n - a +4 ring of protection (left hand)
 t - an amulet of regeneration (around neck)
 w - a ring of see invisible
 D - an amulet of guardian spirit
 E - a ring of magical power
 F - a ring of wizardry (right hand)
 H - a ring of positive energy
 T - a ring of fire
 U - a +4 ring of protection
Wands
 y - a wand of polymorph (20)
 B - a wand of charming (18)
 P - a wand of flame (11)
 Q - a wand of digging (3)
 X - a wand of quicksilver (2)
Scrolls
 d - a scroll of brand weapon
 f - 10 scrolls of teleportation
 g - 2 scrolls of silence
 k - 5 scrolls of enchant weapon
 p - a scroll of butterflies
 q - 7 scrolls of fear
 r - 2 scrolls of fog
 A - 4 scrolls of revelation
 C - 4 scrolls of blinking
 G - 3 scrolls of poison
 I - a scroll of torment
 N - 2 scrolls of vulnerability
 O - a scroll of identify
 S - 2 scrolls of enchant armour {unknown}
 V - 2 scrolls of noise {unknown}
Potions
 c - 5 potions of heal wounds
 e - 3 potions of degeneration
 i - 2 potions of invisibility {unknown}
 j - 7 potions of curing {unknown}
 l - 3 potions of attraction {unknown}
 o - 2 potions of berserk rage {unknown}
 u - 2 potions of lignification {unknown}
 v - a potion of haste {unknown}
 x - 2 potions of brilliance {unknown}
 R - a potion of enlightenment {unknown}


   Skills:
 - Level 2.4 Dodging
 - Level 2.4 Stealth
 - Level 13.6 Spellcasting
 + Level 10.3 Conjurations
 - Level 6.2 Hexes
 - Level 6.0 Translocations
 - Level 5.8 Transmutations
 - Level 11.4 Fire Magic
 - Level 6.3 Air Magic
 - Level 13.7 Earth Magic


You had 5 spell levels left.
You knew the following spells:

 Your Spells              Type           Power      Damage    Failure   Level
a - Sandblast             Erth           100%       2d20      0%          1
b - Stone Arrow           Conj/Erth      100%       3d13      1%          3
c - Searing Ray           Conj           100%       2d8       1%          2
d - Gell's Gravitas       Tloc           48%        N/A       1%          3
e - Petrify               Tmut/Erth      62%        N/A       1%          4
f - Teleport Other        Tloc           48%        N/A       1%          3
g - Inner Flame           Hex/Fire       76%        N/A       1%          3
h - Fulminant Prism       Conj/Hex       28%        3d14      1%          4
i - Starburst             Conj/Fire      42%        6d12      1%          6
j - Lee's Rapid Deconstr  Erth           36%        3d18*     1%          5

Your spell library contained the following spells:

 Spells                   Type           Power      Damage    Failure   Level
 Olgreb's Toxic Radiance  Pois           17%        N/A       4%          4
 Foxfire                  Conj/Fire      100%       2x1d9     1%          1
 Magic Dart               Conj           100%       1d8       1%          1
 Call Imp                 Summ           34%        N/A       1%          2
 Lesser Beckoning         Tloc           96%        N/A       1%          2
 Passwall                 Tmut/Erth      51%        N/A       1%          2
 Mephitic Cloud           Conj/Pois/Air  46%        N/A       1%          3
 Portal Projectile        Hex/Tloc       98%        N/A       1%          3
 Summon Guardian Golem    Hex/Summ       33%        N/A       1%          3
 Tukima's Dance           Hex            49%        N/A       1%          3
 Iskenderun's Mystic Bla  Conj/Tloc      56%        2d12      1%          4
 Leda's Liquefaction      Hex/Erth       31%        N/A       1%          4
 Leda's Unmaking          Conj/Erth      34%        9d6       1%          6
 Plasma Beam              Fire/Air       38%        2x1d52    1%          6
 Orb of Destruction       Conj           31%        9d10      4%          7
 Spellforged Servitor     Conj/Summ      22%        N/A       30%         7


Dungeon Overview and Level Annotations

Branches:
Dungeon (10/15)            Temple (1/1) D:4            Lair (5/5) D:10
  Swamp (0/4) Lair:3       Spider (0/4) Lair:3        Slime (0/5) Lair:5
Ossuary (visited)         Volcano (visited)
    Orc: D:9-12

Altars:
Ashenzari
Cheibriados
Dithmenos
Elyvilon
Fedhas
Gozag
Hepliaklqana
Kikubaaqudgha
Makhleb
Nemelex Xobeh
Okawaru
Qazlal
Ru
Sif Muna
Trog
Uskayaw
Vehumet
Wu Jian
Xom
Yredelemnul
Zin
The Shining One
Jiyva

Shops:
D:1 =[(*:   D:5 (

Annotations:
Lair:1 1 runed translucent door, Dittersdorf's ghost, journeyman GrFi


Message History

Casting: Lee's Rapid Deconstruction (safe; 1% risk of failure)
Confirm with . or Enter, or press ? or * to list all spells.
Aiming: Lee's Rapid Deconstruction (safe; 1% risk of failure)
Press: ? - help, Dir - move target A rock wall.
The wall shatters!
The blast of rock fragments hits the death yak!!!
You kill the death yak!
Vehumet accepts your kill.
The blast of rock fragments hits the death yak!
The death yak is severely wounded.
The yak gores you but does no damage.
The death yak gores you but does no damage.
Casting: Lee's Rapid Deconstruction (safe; 1% risk of failure)
Confirm with . or Enter, or press ? or * to list all spells.
You don't have enough magic to cast this spell.
Casting: Lee's Rapid Deconstruction (safe; 1% risk of failure)
Confirm with . or Enter, or press ? or * to list all spells.
You don't have enough magic to cast this spell.
Unknown command.
Aiming: Sandblast (safe; 0% risk of failure)
Press: ? - help, Q - select action, (/) - cycle Shift-Dir - straight line, f - death yak
Aim: a death yak (severely wounded, 95% to hit)
The blast of sand hits the death yak but does no damage.
The death yak is severely wounded.
The yak closely misses you. The death yak closely misses you.
Okay, then.
The yak attacks as you move away! The yak gores you!
The yak attacks as you move away! The yak barely misses you.
Aiming: Sandblast (safe; 0% risk of failure)
Press: ? - help, Q - select action, (/) - cycle Shift-Dir - straight line, f - yak, p - death yak
Aim: a yak (almost dead, 91% to hit)
The blast of sand hits the yak.
You kill the yak!
Vehumet accepts your kill.
You feel your power returning. The death yak gores you!!
* * * LOW HITPOINT WARNING * * *
The yak gores you!
You die...

###...#......###......
.###.....##......###.....
........####....## #.....
#...###.## ###.## #.....
... #..## ### #....[ #.
##..####### ##.....
##...##.P# #......
###......## #PP....
###Y@.##....# ##.....
##..Y####...## ##.....
##†..## #.P.[####......
#††.## #######.†......
.....†..## ###....#.#P.
#$.##.### #..P.######. #
## ##..P# ## #####


You could see a death yak and a yak.

Vanquished Creatures
  4 hydras
  2 two-headed ogres
  A catoblepas (Lair:5)
  A boulder beetle (Lair:5)
  Urug (Lair:5)
  3 death yaks (Lair:5)
  A skyshark (Lair:2)
  Sonja (Lair:1)
  2 bog bodies (Lair:3)
  4 elephants
  3 black mambas
  14 cane toads
  Psyche (D:8)
  5 komodo dragons
  6 rime drakes
  2 polar bears
  A hornet (D:9)
  Prince Ribbit (D:7)
  16 blink frogs
  3 culicivoras (Lair:3)
  2 shadows
  Sigmund (D:2)
  A wraith (D:10)
  A wyvern (Lair:2)
  5 basilisks
  44 yaks
  A steam dragon (D:8)
  An acid dragon (D:8)
  18 water moccasins
  A hell hound (Volcano)
  3 orc warriors
  A sky beast (D:8)
  An ice beast (D:7)
  15 wolves
  2 centaurs (D:10)
  An ogre (D:5)
  A phantom (D:5)
  A wyvern zombie (Ossuary)
  4 kobold brigands
  15 bullfrogs
  2 scorpions
  3 water moccasin zombies (Ossuary)
  4 wights (D:9)
  A howler monkey (D:9)
  4 electric eels (Lair:1)
  3 jellies
  5 centaur zombies (Ossuary)
  3 bullfrog zombies (Ossuary)
  6 hounds
  A gnoll bouda (D:7)
  6 orc priests
  Crazy Yiuf (D:7)
  3 iguanas
  9 orc wizards
  16 mummies (Ossuary)
  4 killer bee zombies (Ossuary)
  A howler monkey zombie (Ossuary)
  4 adders
  5 gnolls (D:7)
  A shadow imp (D:8)
  2 white imps (D:5)
  An ufetubus (D:4)
  A worm (D:3)
  A dart slug (D:4)
  22 orcs
  6 ball pythons
  7 bats
  8 endoplasms
  4 giant cockroaches
  6 goblins
  5 hobgoblins
  4 jackals (D:2)
  25 kobolds
  5 quokkas
  5 rats
375 creatures vanquished.

Vanquished Creatures (others)
  An orc wizard (D:4)
1 creature vanquished.

Grand Total: 376 creatures vanquished

Notes
Turn   | Place    | Note
-------+----------+-------------------------------------------
     0 | D:1      | horus123 the Deep Elf Earth Elementalist began the quest
                  | for the Orb.
     0 | D:1      | Reached XP level 1. HP: 10/10 MP: 6/6
    97 | D:1      | Found Ajabez's Weapon Boutique.
   137 | D:1      | Found Feovir's Assorted Antiques.
   185 | D:1      | Found Sosy's Book Shoppe.
   234 | D:1      | Reached XP level 2. HP: 15/15 MP: 6/9
   668 | D:1      | Found Seddorest's Jewellery Emporium.
   702 | D:1      | Found Zoaxan's Antique Armour Boutique.
   851 | D:2      | Noticed Sigmund
   857 | D:2      | Killed Sigmund
   858 | D:2      | Reached XP level 3. HP: 19/19 MP: 4/13
   858 | D:2      | Reached XP level 4. HP: 24/24 MP: 4/15
   858 | D:2      | Reached XP level 5. HP: 28/28 MP: 4/16
   862 | D:2      | Learned a level 3 spell: Stone Arrow
   992 | D:2      | Learned a level 2 spell: Searing Ray
   996 | D:2      | Learned a level 3 spell: Gell's Gravitas
  1001 | D:2      | Learned a level 4 spell: Petrify
  1074 | D:2      | Found a faded altar of an unknown god.
  2280 | D:3      | Reached skill level 5 in Earth Magic
  2293 | D:3      | Reached XP level 6. HP: 32/32 MP: 13/18
  2509 | D:4      | You fall into a shaft and drop 1 floor!
  2509 | D:5      | Entered Level 5 of the Dungeon
  2697 | D:4      | Found a staircase to the Ecumenical Temple.
  2733 | Temple   | Entered the Ecumenical Temple
  2816 | Temple   | Became a worshipper of Vehumet
  2871 | D:4      | Found a hazy altar of Hepliaklqana.
  2968 | D:4      | Learned a level 3 spell: Teleport Other
  3278 | D:5      | Noticed a shadow
  3283 | D:5      | Reached skill level 1 in Conjurations
  3312 | D:5      | Found Okamacoe's Weapon Shop.
  3333 | D:5      | Reached XP level 7. HP: 21/36 MP: 13/19
  3465 | D:5      | Reached skill level 5 in Conjurations
  3553 | D:5      | Reached skill level 1 in Translocations
  3896 | D:5      | Killed a shadow
  3897 | D:5      | Reached XP level 8. HP: 27/41 MP: 11/20
  4032 | D:5      | Reached * piety under Vehumet
  4032 | D:5      | Offered knowledge of Kiss of Death by Vehumet.
  4605 | D:6      | Reached skill level 5 in Translocations
  4999 | D:7      | Found a sand-covered staircase.
  5005 | Ossuary  | Entered an ossuary
  5132 | Ossuary  | Offered knowledge of Momentum Strike by Vehumet.
  5182 | Ossuary  | Reached skill level 10 in Spellcasting
  5248 | Ossuary  | Reached ** piety under Vehumet
  5286 | Ossuary  | Reached XP level 9. HP: 45/45 MP: 22/25
  5739 | D:7      | Found a stormy altar of Qazlal.
  5881 | D:7      | Noticed Prince Ribbit
  5884 | D:7      | Killed Prince Ribbit
  5885 | D:7      | Reached skill level 5 in Transmutations
  6031 | D:7      | Found a runed translucent door.
  6032 | D:7      | Noticed Crazy Yiuf
  6168 | D:7      | Killed Crazy Yiuf
  6168 | D:7      | Offered knowledge of Inner Flame by Vehumet.
  6222 | D:8      | Reached skill level 1 in Fire Magic
  6243 | D:8      | Learned a level 3 spell: Inner Flame
  6456 | D:8      | Noticed a two-headed ogre
  6462 | D:8      | Killed a two-headed ogre
  6463 | D:8      | Reached XP level 10. HP: 50/50 MP: 14/27
  6560 | D:8      | Identified the +8 short sword of Otuokipn {elec, rN+ Will+
                  | Dex-3}
  6583 | D:8      | Noticed Psyche
  6588 | D:8      | Killed Psyche
  6588 | D:8      | Reached *** piety under Vehumet
  6666 | D:8      | Learned a level 4 spell: Fulminant Prism
  6775 | D:8      | Identified the +0 hat of Tortured Contentment {Dex+4}
  7056 | D:8      | Learned a level 6 spell: Starburst
  7899 | D:9      | Found a glowing golden altar of the Shining One.
  8010 | D:9      | Offered knowledge of Flame Wave by Vehumet.
  8249 | D:10     | Entered Level 10 of the Dungeon
  8320 | D:10     | Found a white marble altar of Elyvilon.
  8393 | D:10     | Reached skill level 10 in Fire Magic
  8695 | D:10     | Found a staircase to the Lair.
  8855 | D:10     | Reached **** piety under Vehumet
  8910 | D:10     | Noticed a two-headed ogre
  8914 | D:10     | Killed a two-headed ogre
  9220 | Lair:1   | Entered Level 1 of the Lair of Beasts
  9226 | Lair:1   | Reached XP level 11. HP: 46/54 MP: 15/28
  9569 | Lair:1   | Offered knowledge of Volatile Blastmotes by Vehumet.
  9602 | Lair:1   | Noticed Sonja
  9607 | Lair:1   | Killed Sonja
  9778 | Lair:1   | Found a runed translucent door.
  9778 | Lair:1   | Noticed a four-headed hydra
  9778 | Lair:1   | Noticed Dittersdorf's ghost (journeyman GrFi)
  9953 | Lair:1   | You fall into a shaft and drop 1 floor!
 10093 | Lair:2   | Learned a level 6 spell: Plasma Beam
 10099 | Lair:2   | Reached skill level 1 in Air Magic
 10206 | Lair:2   | Reached skill level 5 in Air Magic
 10310 | Lair:2   | Noticed an eight-headed hydra
 10314 | Lair:2   | Killed an eight-headed hydra
 10315 | Lair:2   | Reached XP level 12. HP: 59/59 MP: 12/31
 10525 | Lair:2   | Found a dark tunnel.
 10536 | Volcano  | Entered a volcano
 10619 | Lair:2   | Noticed a five-headed hydra
 10624 | Lair:2   | Killed a five-headed hydra
 10625 | Lair:2   | Reached skill level 5 in Hexes
 11531 | D:1      | Bought a book of Dangerous Friends for 440 gold pieces
 12015 | Lair:2   | Learned a level 5 spell: Lee's Rapid Deconstruction
 12355 | Lair:3   | Reached skill level 10 in Earth Magic
 12355 | Lair:3   | Reached ***** piety under Vehumet
 12355 | Lair:3   | Offered knowledge of Olgreb's Toxic Radiance by Vehumet.
 12468 | Lair:3   | Found a staircase to the Swamp.
 12651 | Lair:3   | Found a hole to the Spider Nest.
 13784 | Lair:4   | Noticed a four-headed hydra
 13791 | Lair:4   | Killed a four-headed hydra
 14443 | Lair:5   | Entered Level 5 of the Lair of Beasts
 14443 | Lair:5   | Noticed Urug
 14443 | Lair:5   | Noticed a boulder beetle
 14474 | Lair:5   | Killed Urug
 14475 | Lair:5   | Reached XP level 13. HP: 63/63 MP: 13/32
 14708 | Lair:5   | Identified the +2 robe "Onlucveh" {Str+4}
 15399 | Lair:5   | Found a viscous altar of Jiyva.
 15399 | Lair:5   | Found a staircase to the Slime Pits.
 15695 | Lair:5   | Reached skill level 10 in Conjurations
 15703 | Lair:5   | Slain by a yak

Illustrated notes

Levels and vault maps discovered:
D:1:      amcnicky_arrival_gap_in_the_tavern_cellar, layout_loops_cross,
          serial_shops, shop, nicolae_shop_hallway_plus,
          nicolae_shop_tiny_waterfront,
          nicolae_shop_temple_entry_statues_fountains, shop
D:2:      layout_loops_corners, shapermc_ecumenical_altar_mp_urbaneastern,
          uniq_sigmund
D:3:      layout_basic
D:4:      layout_cave_pools, mainiacjoe_overflow_catwalk,
          minmay_temple_entry_ruins
D:5:      layout_basic, serial_shops, nicolae_shop_bloodbath_and_beyond
D:6:      layout_cave_pools
D:7:      layout_rooms, mainiacjoe_overflow_paths, nicolae_ossuary_entry_plus,
          serial_bayou_lagoon_a, uniq_prince_ribbit1, uniq_crazy_yiuf_cottage
D:8:      layout_loops_ring, kennysheep_flooded_box, nrook_mini_vaults,
          uniq_psyche
D:9:      layout_cave_pools, mainiacjoe_overflow_24_doors, eino_curves_03
D:10:     layout_long_grid, mainiacjoe_overflow_surrounded_room,
          lair_entry_dummy
Temple:   regret_index_temple_chain_breaker
Lair:1:   layout_chaotic_city, ebering_ghost_inner_flame, disabler_island,
          grunt_megastairs_3, infiniplex_staircase_pool, uniq_sonja
Lair:2:   nzn_winding_woodlands_cross [nzn_winding_woodlands_5x15_parted,
          nzn_winding_woodlands_5x15_jagged,
          nzn_winding_woodlands_5x15_pathside_ponds,
          nzn_winding_woodlands_5x15_pockets,
          nzn_winding_woodlands_15x15_killbox], layout_regular_city,
          enter_volcano_2
Lair:3:   layout_gridlike, skrybe_swamp_entry_bodies,
          hellmonk_spider_entry_life_and_decay
Lair:4:   layout_gridlike
Lair:5:   evilmike_catoblepas_cave, layout_cave_pods,
          nicolae_slime_entry_slimehenge, serial_bayou_shore_a, uniq_urug

Skill      XL: |  1  2  3  4  5  6  7  8  9 10 11 12 13 |
---------------+----------------------------------------+-----
Spellcasting   | 4 7 10 11 13 | 13.6
Earth Magic    | 4 5 6 12 13 | 13.7
Conjurations   | 3 5 7 10 | 10.3
Translocations | 4 6 |  6.0
Transmutations | 5 |  5.8
Fire Magic     | 6 11 | 11.4
Air Magic      | 6 |  6.3
Hexes          | 6 |  6.2
Dodging        | |  2.4
Stealth        | |  2.4

Action                     |  1- 3 |  4- 6 |  7- 9 | 10-12 | 13-15 || total
---------------------------+-------+-------+-------+-------+-------++-------
  Melee: Long sword        |       |     5 |       |       |       ||     5
         Short sword       |       |       |     1 |       |       ||     1
   Cast: Sandblast         |    26 |    83 |   131 |   130 |    79 ||   449
         Stone Arrow       |       |       |    24 |   111 |    23 ||   158
         Gell's Gravitas   |       |       |    11 |    25 |    10 ||    46
         Searing Ray       |       |       |     2 |     1 |       ||     3
         Starburst         |       |       |       |    23 |     7 ||    30
         Petrify           |       |       |       |     8 |       ||     8
         Plasma Beam       |       |       |       |     2 |       ||     2
         Lee's Rapid Decon |       |       |       |     6 |     8 ||    14
    Use: Scroll            |       |     2 |     9 |     6 |       ||    17
         Potion            |       |       |       |     1 |     2 ||     3
 Armour: Robe              |       |    21 |    29 |    40 |    32 ||   122
  Dodge: Dodged            |     2 |    33 |    45 |    83 |    59 ||   222

Table legend: (Time is in decaauts)
 A = Elapsed time spent in this place.
 B = Non-inter-level travel time spent in this place.
 C = Inter-level travel time spent in this place.
 D = Time resting spent in this place.
 E = Time spent auto-exploring this place.
 F = Levels seen in this place.
 G = Mean time per level.
                   A        B        C        D        E       F      G
               +--------+--------+--------+--------+--------+-----+--------+
         Total |  16014 |  14765 |   1249 |    954 |  11444 |  18 |  889.7 |
       Dungeon |   9355 |   8392 |    963 |    321 |   6762 |  10 |  935.5 |
        Temple |    103 |     83 |     20 |     21 |      0 |   1 |  103.0 |
          Lair |   5991 |   5726 |    265 |    612 |   4362 |   5 | 1198.2 |
       Ossuary |    524 |    524 |      0 |      0 |    293 |   1 |  524.0 |
       Volcano |     39 |     39 |      0 |      0 |     27 |   1 |   39.0 |
               +--------+--------+--------+--------+--------+-----+--------+

Top non-repeatable levels by time:
  Lair:2: 1519 daAuts
  Lair:5: 1280 daAuts
  Lair:1: 1251 daAuts
     D:8: 1099 daAuts
     D:5: 1097 daAuts
    D:10: 1091 daAuts
     D:9: 1074 daAuts
  Lair:4: 1056 daAuts
     D:1: 1050 daAuts
     D:2: 1033 daAuts
     D:7: 893 daAuts
  Lair:3: 884 daAuts
     D:3: 868 daAuts
     D:4: 577 daAuts
     D:6: 567 daAuts
